| TOP OF THE 1ST |
|
Scranton WB RailRiders batting - Pitching for Toledo Mud Hens : RHP Roberto Benavides
|
|
Pitching: RHP Roberto Benavides
|
|
|
Batting: RHB Devon Utley
|
0-0: Fly out, F6 (Popup, 6, EV 76.9 MPH)
|
|
Batting: SHB Edwin Dominguez
|
0-0: Ball 1-0: Swinging Strike 1-1: Ball 2-1: Ball 3-1: Base on Balls
|
|
Batting: SHB Mukhtar Wa'il
|
0-0: Foul Ball, location: 2F 0-1: Ball 1-1: Fly out, F7 (Flyball, 7, EV 96.9 MPH)
|
|
Batting: RHB Scott King
|
0-0: Foul Ball, location: 2F 0-1: Foul Ball, location: 2F 0-2: Strikes out swinging
|
| Top of the 1st over - 0 runs, 0 hits, 0 errors, 1 left on base; Scranton WB 0 - Toledo 0 |
| BOTTOM OF THE 1ST |
|
Toledo Mud Hens batting - Pitching for Scranton WB RailRiders : LHP Nate Ciccarelli
|
|
Pitching: LHP Nate Ciccarelli
|
|
|
Batting: RHB J.J. Basil
|
0-0: Called Strike 0-1: SINGLE (Groundball, 25, EV 70.0 MPH) (infield hit)
|
|
Batting: SHB Adam Weber
|
0-0: Ball J.J. Basil steals 2nd base 1-0: Ball 2-0: Ground out 6-3 (Groundball, 6, EV 88.8 MPH) J.J. Basil to third
|
|
Batting: RHB Luke Feeney
|
0-0: Called Strike 0-1: Ground out 5-3 (Groundball, 5S, EV 92.5 MPH)
|
|
Batting: RHB Willis Morales
|
0-0: Foul Ball, location: 2F 0-1: Ball 1-1: SINGLE (Groundball, 34, EV 97.5 MPH) J.J. Basil scores
|
|
Batting: LHB Jon Frederick
|
0-0: Called Strike Willis Morales steals 2nd base 0-1: Ball 1-1: Fly out, F7 (Flyball, 7, EV 83.8 MPH)
|
| Bottom of the 1st over - 1 run, 2 hits, 0 errors, 1 left on base; Scranton WB 0 - Toledo 1 |
| TOP OF THE 2ND |
|
Scranton WB RailRiders batting - Pitching for Toledo Mud Hens : RHP Roberto Benavides
|
|
Batting: LHB Dan Morris
|
0-0: Foul Ball, location: 2F 0-1: SINGLE (Flyball, 89S, EV 100.0 MPH)
|
|
Batting: SHB Victor Ruiz
|
0-0: Ball Dan Morris is caught stealing 2nd base 2-6 1-0: SINGLE (Line Drive, 8RS, EV 100.6 MPH)
|
|
Batting: LHB Jose Lebron
|
0-0: Foul Ball, location: 2F 0-1: Ball 1-1: Called Strike 1-2: Ball 2-2: Foul Ball, location: 2F 2-2: Foul Ball, location: 2F 2-2: Fly out, F8 (Flyball, 8RXD, EV 100.0 MPH)
|
|
Batting: LHB Aaron Joyner
|
0-0: Foul Ball, location: 2F 0-1: Ball 1-1: Ball 2-1: Swinging Strike 2-2: Ball 3-2: Fly out, F9 (Flyball, 9, EV 95.0 MPH)
|
| Top of the 2nd over - 0 runs, 2 hits, 0 errors, 1 left on base; Scranton WB 0 - Toledo 1 |
| BOTTOM OF THE 2ND |
|
Toledo Mud Hens batting - Pitching for Scranton WB RailRiders : LHP Nate Ciccarelli
|
|
Batting: RHB Keith Hoffman
|
0-0: Ball 1-0: Ball 2-0: Called Strike 2-1: Foul Ball, location: 2F 2-2: Strikes out swinging
|
|
Batting: RHB Aaron Cusick
|
0-0: Ball 1-0: Ball 2-0: SINGLE (Groundball, 6MD, EV 101.9 MPH)
|
|
Batting: LHB Frank McConnell
|
0-0: Ball 1-0: SINGLE (Line Drive, 3D, EV 102.5 MPH) Aaron Cusick to second
|
|
Batting: RHB Joel Miller
|
0-0: Ball Aaron Cusick steals 3rd base Frank McConnell to second 1-0: Ball 2-0: Foul Ball, location: 2F 2-1: Ground out 5-3 (Groundball, 25, EV 89.4 MPH)
|
|
Batting: RHB J.J. Basil
|
0-0: Called Strike 0-1: Ball 1-1: Called Strike 1-2: Ball 2-2: Ball 3-2: Foul Ball, location: 2F 3-2: Foul Ball, location: 2F 3-2: Ground out 5-3 (Groundball, 56S, EV 69.4 MPH)
|
| Bottom of the 2nd over - 0 runs, 2 hits, 0 errors, 2 left on base; Scranton WB 0 - Toledo 1 |
| TOP OF THE 3RD |
|
Scranton WB RailRiders batting - Pitching for Toledo Mud Hens : RHP Roberto Benavides
|
|
Batting: RHB Mike Gifford
|
0-0: Ball 1-0: Foul Ball, location: 2F 1-1: Ball 2-1: SINGLE (Flyball, 5D, EV 91.9 MPH)
|
|
Batting: RHB Devon Utley
|
0-0: Grounds into double play, 5-4-3 (Groundball, 5, EV 75.6 MPH)
|
|
Batting: SHB Edwin Dominguez
|
0-0: Called Strike 0-1: Called Strike 0-2: Ball 1-2: Ball 2-2: Ground out 1-3 (Groundball, 13S, EV 68.8 MPH)
|
| Top of the 3rd over - 0 runs, 1 hit, 0 errors, 0 left on base; Scranton WB 0 - Toledo 1 |
| BOTTOM OF THE 3RD |
|
Toledo Mud Hens batting - Pitching for Scranton WB RailRiders : LHP Nate Ciccarelli
|
|
Batting: SHB Adam Weber
|
0-0: Ball 1-0: Swinging Strike 1-1: Ball 2-1: Ball 3-1: Base on Balls
|
|
Batting: RHB Luke Feeney
|
0-0: Ball Adam Weber steals 2nd base 1-0: Ball 2-0: Ball 3-0: Ground out 3-1 (Groundball, 34, EV 80.6 MPH) Adam Weber to third
|
|
Batting: RHB Willis Morales
|
0-0: Ball 1-0: Ball 2-0: Called Strike 2-1: Ball 3-1: Called Strike 3-2: Strikes out swinging
|
|
Batting: LHB Jon Frederick
|
0-0: Called Strike 0-1: Foul Ball, location: 2F 0-2: Strikes out swinging
|
| Bottom of the 3rd over - 0 runs, 0 hits, 0 errors, 1 left on base; Scranton WB 0 - Toledo 1 |
| TOP OF THE 4TH |
|
Scranton WB RailRiders batting - Pitching for Toledo Mud Hens : RHP Roberto Benavides
|
|
Batting: SHB Mukhtar Wa'il
|
0-0: Foul Ball, location: 2F 0-1: Fly out, F7 (Flyball, 7, EV 87.5 MPH)
|
|
Batting: RHB Scott King
|
0-0: Ball 1-0: Called Strike 1-1: Called Strike 1-2: Strikes out swinging
|
|
Batting: LHB Dan Morris
|
0-0: Called Strike 0-1: Swinging Strike 0-2: Strikes out swinging
|
| Top of the 4th over - 0 runs, 0 hits, 0 errors, 0 left on base; Scranton WB 0 - Toledo 1 |
| BOTTOM OF THE 4TH |
|
Toledo Mud Hens batting - Pitching for Scranton WB RailRiders : LHP Nate Ciccarelli
|
|
Batting: RHB Keith Hoffman
|
0-0: Ball 1-0: Ball 2-0: Called Strike 2-1: Ball 3-1: Base on Balls
|
|
Batting: RHB Aaron Cusick
|
0-0: Grounds into double play, 4-6-3 (Groundball, 4, EV 87.5 MPH)
|
|
Batting: LHB Frank McConnell
|
0-0: Ball 1-0: Ball 2-0: Foul Ball, location: 2F 2-1: Foul Ball, location: 2F 2-2: Foul Ball, location: 2F 2-2: Ball 3-2: SINGLE (Groundball, 4S, EV 65.6 MPH) (infield hit)
|
|
Batting: RHB Joel Miller
|
0-0: Ball 1-0: Swinging Strike 1-1: Foul Ball, location: 2F 1-2: Foul Ball, location: 2F 1-2: SINGLE (Groundball, 56D, EV 97.5 MPH) Frank McConnell to second Runner from 2nd tries for 3rd, SAFE, throw by LF made to third
|
|
Batting: RHB J.J. Basil
|
0-0: Ball 1-0: Ball 2-0: Foul Ball, location: 2F 2-1: Foul Ball, location: 2F 2-2: Foul Ball, location: 2F 2-2: Ball 3-2: Ground out 5-3 (Groundball, 56, EV 88.1 MPH)
|
| Bottom of the 4th over - 0 runs, 2 hits, 0 errors, 2 left on base; Scranton WB 0 - Toledo 1 |
| TOP OF THE 5TH |
|
Scranton WB RailRiders batting - Pitching for Toledo Mud Hens : RHP Roberto Benavides
|
|
Batting: SHB Victor Ruiz
|
0-0: Ball 1-0: Ball 2-0: Swinging Strike 2-1: Ground out 6-3 (Groundball, 6, EV 81.2 MPH)
|
|
Batting: LHB Jose Lebron
|
0-0: TRIPLE (Line Drive, 78XD, EV 106.9 MPH)
|
|
Batting: LHB Aaron Joyner
|
0-0: Ball 1-0: Foul Ball, location: 2F 1-1: Swinging Strike 1-2: Ball 2-2: Foul Ball, location: 2F 2-2: Ball 3-2: Foul Ball, location: 2F 3-2: Fly out, F7 (Flyball, 7, EV 80.0 MPH)
|
|
Batting: RHB Mike Gifford
|
0-0: Called Strike 0-1: Called Strike 0-2: Ground out 5-3 (Groundball, 56, EV 84.4 MPH)
|
| Top of the 5th over - 0 runs, 1 hit, 0 errors, 1 left on base; Scranton WB 0 - Toledo 1 |
| BOTTOM OF THE 5TH |
|
Toledo Mud Hens batting - Pitching for Scranton WB RailRiders : LHP Nate Ciccarelli
|
|
Batting: SHB Adam Weber
|
0-0: Foul Ball, location: 2F 0-1: Ball 1-1: Foul Ball, location: 2F 1-2: Ground out 5-3 (Groundball, 56, EV 85.6 MPH)
|
|
Batting: RHB Luke Feeney
|
0-0: Called Strike 0-1: Called Strike 0-2: Ball 1-2: SINGLE (Groundball, 4MD, EV 95.0 MPH)
|
|
Batting: RHB Willis Morales
|
0-0: Ball 1-0: Foul Ball, location: 2F 1-1: SINGLE (Groundball, 6D, EV 97.5 MPH) Luke Feeney to second
|
|
Batting: LHB Jon Frederick
|
0-0: Ball 1-0: Ball 2-0: Ball 3-0: Called Strike 3-1: Ground out 6-3 (Groundball, P, EV 86.9 MPH) Luke Feeney to third Willis Morales to second
|
|
Batting: RHB Keith Hoffman
|
0-0: Foul Ball, location: 2F 0-1: Foul Ball, location: 2F 0-2: Foul Ball, location: 2F 0-2: Ball 1-2: Ball 2-2: Ground out U3 (Groundball, 3L, EV 92.5 MPH)
|
| Bottom of the 5th over - 0 runs, 2 hits, 0 errors, 2 left on base; Scranton WB 0 - Toledo 1 |
| TOP OF THE 6TH |
|
Scranton WB RailRiders batting - Pitching for Toledo Mud Hens : RHP Roberto Benavides
|
|
Batting: RHB Devon Utley
|
0-0: Ball 1-0: Foul Ball, location: 2F 1-1: Foul Ball, location: 2F 1-2: Ball 2-2: Strikes out swinging
|
|
Pitching: RHP Jason Mucci
|
|
|
Batting: SHB Edwin Dominguez
|
0-0: Ground out U3 (Groundball, 3L, EV 83.8 MPH)
|
|
Batting: SHB Mukhtar Wa'il
|
0-0: Foul Ball, location: 2F 0-1: Called Strike 0-2: Strikes out swinging
|
| Top of the 6th over - 0 runs, 0 hits, 0 errors, 0 left on base; Scranton WB 0 - Toledo 1 |
| BOTTOM OF THE 6TH |
|
Toledo Mud Hens batting - Pitching for Scranton WB RailRiders : LHP Nate Ciccarelli
|
|
Pitching: RHP Joe Kimbrough
|
|
|
Batting: RHB Aaron Cusick
|
0-0: Foul Ball, location: 2F 0-1: Swinging Strike 0-2: Foul Ball, location: 2F 0-2: Ball 1-2: Foul Ball, location: 2F 1-2: Foul Ball, location: 2F 1-2: Strikes out swinging
|
|
Batting: LHB Frank McConnell
|
0-0: Foul Ball, location: 2F 0-1: Foul Ball, location: 2F 0-2: Ball 1-2: Ball 2-2: Ball 3-2: Base on Balls
|
|
Batting: RHB Joel Miller
|
0-0: Foul Ball, location: 2F 0-1: Foul Ball, location: 2F 0-2: Ball 1-2: Fly out, F8 (Flyball, 8RD, EV 101.9 MPH)
|
|
Batting: RHB J.J. Basil
|
0-0: Called Strike Frank McConnell is caught stealing 2nd base 2-4
|
| Bottom of the 6th over - 0 runs, 0 hits, 0 errors, 0 left on base; Scranton WB 0 - Toledo 1 |
| TOP OF THE 7TH |
|
Scranton WB RailRiders batting - Pitching for Toledo Mud Hens : RHP Jason Mucci
|
|
Batting: RHB Scott King
|
0-0: Called Strike 0-1: Ball 1-1: Ball 2-1: SINGLE (Groundball, 4D, EV 104.4 MPH)
|
|
Batting: LHB Dan Morris
|
0-0: Ball 1-0: Foul Ball, location: 2F 1-1: Called Strike 1-2: Strikes out swinging
|
|
Batting: SHB Victor Ruiz
|
0-0: Foul Ball, location: 2F 0-1: Ball 1-1: Ball 2-1: Ball 3-1: Grounds into double play, 1-6-3 (Groundball, 34S, EV 74.4 MPH)
|
| Top of the 7th over - 0 runs, 1 hit, 0 errors, 0 left on base; Scranton WB 0 - Toledo 1 |
| BOTTOM OF THE 7TH |
|
Toledo Mud Hens batting - Pitching for Scranton WB RailRiders : RHP Joe Kimbrough
|
|
Batting: RHB J.J. Basil
|
0-0: Foul Ball, location: 2F 0-1: Ground out 6-3 (Groundball, 6, EV 86.9 MPH)
|
|
Batting: SHB Adam Weber
|
0-0: Called Strike 0-1: Ball 1-1: Ball 2-1: Foul Ball, location: 2F 2-2: Foul Ball, location: 2F 2-2: Ball 3-2: Base on Balls
|
|
Batting: RHB Luke Feeney
|
0-0: Called Strike Adam Weber is caught stealing 2nd base 2-4 0-1: Swinging Strike 0-2: Ball 1-2: Ball 2-2: Fly out, F3 (Popup, 34, EV 68.1 MPH)
|
| Bottom of the 7th over - 0 runs, 0 hits, 0 errors, 0 left on base; Scranton WB 0 - Toledo 1 |
| TOP OF THE 8TH |
|
Scranton WB RailRiders batting - Pitching for Toledo Mud Hens : RHP Jason Mucci
|
|
Pitching: LHP Edwin Pacheco
|
|
|
Batting: LHB Jose Lebron
|
0-0: Ball 1-0: Called Strike 1-1: Foul Ball, location: 2F 1-2: Strikes out swinging
|
|
Pinch Hitting: RHB Johannes Gutermuth
|
0-0: Ball 1-0: Ball 2-0: Ball 3-0: Called Strike 3-1: Base on Balls
|
|
Batting: RHB Mike Gifford
|
0-0: Ball 1-0: Ball 2-0: Called Strike 2-1: Swinging Strike 2-2: Ball 3-2: Strikes out swinging
|
|
Batting: RHB Devon Utley
|
0-0: Ball 1-0: Foul Ball, location: 2F 1-1: Foul Ball, location: 2F 1-2: Foul Ball, location: 2F 1-2: Fielders Choice at 2nd, 6-4 (Groundball, 6, EV 86.9 MPH)
|
| Top of the 8th over - 0 runs, 0 hits, 0 errors, 1 left on base; Scranton WB 0 - Toledo 1 |
| BOTTOM OF THE 8TH |
|
Toledo Mud Hens batting - Pitching for Scranton WB RailRiders : RHP Joe Kimbrough
|
|
Pitching: RHP John Robidoux
|
|
|
Now in CF: Bobby Melillo
|
|
|
Batting: RHB Willis Morales
|
0-0: Foul Ball, location: 2F 0-1: Ball 1-1: SINGLE (Groundball, 6, EV 96.2 MPH)
|
|
Batting: LHB Jon Frederick
|
0-0: Ball 1-0: Called Strike 1-1: Ball 2-1: Called Strike 2-2: Strikes out swinging
|
|
Batting: RHB Keith Hoffman
|
0-0: Called Strike Willis Morales is caught stealing 2nd base 2-4 0-1: Ball 1-1: Foul Ball, location: 2F 1-2: Ball 2-2: Fly out, F7 (Line Drive, 7, EV 93.1 MPH)
|
| Bottom of the 8th over - 0 runs, 1 hit, 0 errors, 0 left on base; Scranton WB 0 - Toledo 1 |
| TOP OF THE 9TH |
|
Scranton WB RailRiders batting - Pitching for Toledo Mud Hens : LHP Edwin Pacheco
|
|
Pitching: RHP Josh Wollaston
|
|
|
Batting: SHB Edwin Dominguez
|
0-0: Ball 1-0: Ball 2-0: Foul Ball, location: 2F 2-1: Foul Ball, location: 2F 2-2: Ball 3-2: Foul Ball, location: 2F 3-2: SINGLE (Line Drive, 4D, EV 98.1 MPH)
|
|
Batting: SHB Mukhtar Wa'il
|
0-0: Called Strike 0-1: Ball 1-1: Swinging Strike 1-2: Strikes out looking
|
|
Batting: RHB Scott King
|
0-0: Ball 1-0: Ball 2-0: Ball 3-0: Called Strike 3-1: SINGLE (Flyball, 7S, EV 85.0 MPH) Edwin Dominguez to second
|
|
Batting: LHB Dan Morris
|
0-0: Swinging Strike 0-1: SINGLE (Line Drive, 56D, EV 98.1 MPH) Edwin Dominguez to third Scott King to second Runner from 3rd tries for Home, throw by LF and OUT! 7-2
|
|
Batting: SHB Victor Ruiz
|
0-0: Called Strike 0-1: Ball 1-1: Foul Ball, location: 2F 1-2: Strikes out swinging
|
| Top of the 9th over - 0 runs, 3 hits, 0 errors, 2 left on base; Scranton WB 0 - Toledo 1 |
|